 Dungeon Crawl Stone Soup version 0.16-a0-3250-g88dccf0 (webtiles) character file.

385185 Fiveotanaka the Metallomancer (level 22, -43/140 HPs)
             Began as a Gargoyle Earth Elementalist on Dec 20, 2014.
             Was the Champion of Vehumet.
             Killed from afar by a chaos spawn (52 damage)
             ... with an exploding inner flame
             ... on level 1 of the Abyss on Dec 22, 2014.
             The game lasted 07:02:16 (72217 turns).

Fiveotanaka the Metallomancer (GrEE)               Turns: 72217, Time: 07:02:16

Health: -43/140    AC: 33    Str:  7 (13) XL:     22   Next: 98%
Magic:  36/36      EV: 23    Int: 24 (29) God:    Vehumet [******]
Gold:   4604       SH:  5    Dex: 14      Spells: 7 memorised, 11 levels left

rFire  . . .     SeeInvis +     A - staff of earth
rCold  . . .     Clarity  +     W - +2 robe {Archmagi}
rNeg   + . .     SustAb   .     z - +0 buckler {reflect}
rPois  ∞         Gourm    .     q - -1 helmet "Nat Ylet" {Int+4 Dex+4}
rElec  +         Spirit   .     n - +1 cloak
rCorr  .         Warding  .     P - +2 pair of gloves
rMut   +         Stasis   .     w - +2 pair of boots
MR     +....                    y - amulet of resist mutation
Stlth  ++++......               T - ring of Doubts {rPois Dex+3 SInv}
                                c - +3 ring of evasion

@: about to teleport, flying, somewhat resistant to hostile enchantments,
stealthy
A: able to fly continuously, big wings, talons 1, rough black scales 1, rugged
brown scales 1, clarity, clumsy 1, deterioration 1, low mp 1, negative energy
resistance 1, sense surroundings 1, electricity resistance, spit poison 1,
unbreathing, petrification resistance, rot immunity, forlorn, placid magic 2, AC
+16
a: Spit Poison, Stop Flying, Renounce Religion
}: 2/15 runes: decaying, gossamer


You were on level 1 of the Abyss.
You worshipped Vehumet.
Vehumet was exalted by your worship.
You were not hungry.

You visited 7 branches of the dungeon, and saw 44 of its levels.
You visited the Abyss 1 time.
You also visited: Bailey and Ice Cave.

You collected 5827 gold pieces.
You spent 1223 gold pieces at shops.

Inventory:

Missiles
 b - 1244 stones (quivered)
Armour
 n - a +1 cloak (worn)
 q - the -1 helmet "Nat Ylet" (worn) {Int+4 Dex+4}
   (You bought it in a shop on level 4 of the Orcish Mines)

   It affects your intelligence (+4).
   It affects your dexterity (+4).
 w - a +2 pair of boots (worn)
 z - a +0 buckler of reflection (worn)
 B - a +2 robe of magic resistance
 D - the +1 helmet of the Game of Kings {rPois rF++}
   (You acquired it on level 6 of the Lair of Beasts)

   It greatly protects you from fire.
   It protects you from poison.
 P - a +2 pair of gloves (worn)
 W - a +2 robe of the Archmagi (worn)
Magical staves
 A - an uncursed staff of earth (weapon)
Jewellery
 c - a +3 ring of evasion (left hand)
 j - an uncursed ring of protection from fire
 l - an uncursed ring of protection from magic
 v - an uncursed amulet of the gourmand
 y - an amulet of resist mutation (around neck)
 N - an uncursed amulet of guardian spirit
 T - the ring of Doubts (right hand) {rPois Dex+3 SInv}
   (You found it on level 1 of the Lair of Beasts)

   [ring of dexterity]

   It affects your dexterity (+3).
   It protects you from poison.
   It enhances your eyesight.
 U - an uncursed ring of protection from cold
Magical devices
 d - a wand of teleportation (3)
 e - a wand of hasting (5)
 k - a wand of cold (4)
 p - a wand of fire (0)
 t - a wand of heal wounds (5)
 x - a wand of digging (2)
 C - a wand of disintegration (8)
Scrolls
 g - 6 scrolls of fear
 h - 4 scrolls of recharging
 m - 8 scrolls of remove curse
 E - 6 scrolls of fog
 H - 2 scrolls of summoning
 I - 4 scrolls of blinking
 J - 5 scrolls of teleportation
 R - 2 scrolls of enchant armour
 S - a scroll of amnesia
 X - 2 scrolls of magic mapping
 Y - a scroll of identify
Potions
 f - 5 potions of restore abilities
 o - 4 potions of haste
 r - 9 potions of heal wounds
 s - 4 potions of agility
 u - 6 potions of resistance
 F - a potion of might
 G - 2 potions of cancellation
 K - 9 potions of brilliance
 M - 13 potions of curing
 O - 3 potions of magic
Books
 Q - a book of Hinderance

   Spells                             Type                      Level
   a - Confusing Touch                Hexes                        2
   b - Confuse                        Hexes                        3
   c - Petrify                        Transmutation/Earth          4
   d - Metabolic Englaciation         Hexes/Ice                    5
   e - Summon Mana Viper              Hexes/Summoning              5
   f - Gell's Gravitas                Hexes/Translocation          6
 V - a book of Ice

   Spells                             Type                      Level
   a - Ice Form                       Ice/Transmutation            4
   b - Metabolic Englaciation         Hexes/Ice                    5
   c - Ozocubu's Refrigeration        Ice                          6
   d - Bolt of Cold                   Conjuration/Ice              6
   e - Freezing Cloud                 Conjuration/Ice/Air          6
   f - Simulacrum                     Ice/Necromancy               6
Miscellaneous
 L - a crystal ball of energy
Comestibles
 a - 26 bread rations
 i - 26 meat rations
 Z - 2 fruits


   Skills:
 - Level 13.4 Fighting
 - Level 12.0 Staves
 - Level 13.1 Dodging
 + Level 8.6 Stealth
 - Level 5.0 Shields
 - Level 14.0 Spellcasting
 - Level 16.1 Conjurations
   Level 0.7 Transmutations
 - Level 22.0 Earth Magic
 - Level 5.0 Poison Magic
 - Level 15.0 Evocations


You had 11 spell levels left.
You knew the following spells:

 Your Spells              Type           Power        Failure   Level  Hunger
a - Sandblast             Erth           ######       0%          1    None
b - Iron Shot             Conj/Erth      #######...   0%          6    #####..
c - Lee's Rapid Deconstr  Erth           #######...   0%          5    ###....
d - Control Teleport      Chrm/Tloc      ##........   11%         4    None
e - Shatter               Erth           #######...   3%          9    #######
f - Poison Arrow          Conj/Pois      ######....   1%          6    #####..
g - Orb of Destruction    Conj           ######....   1%          7    ######.


Dungeon Overview and Level Annotations

Branches:
Dungeon (15/15)            Temple (0/1) D:4            Lair (8/8) D:11
  Swamp (5/5) Lair:5       Spider (5/5) Lair:3        Slime (0/6) Lair:6
    Orc (4/4) D:11            Elf (3/3) Orc:3        Vaults (4/5) D:14
  Crypt (0/3) Vaults:3     Depths (0/5) D:15

Altars:
Ashenzari
Elyvilon
Kikubaaqudgha
Makhleb
Nemelex Xobeh
Sif Muna
Trog
Vehumet
Xom
Yredelemnul
The Shining One
Jiyva

Shops:
D:5 (   D:6 ?   D:9 (   D:10 [   D:11 ?   Orc:4 %}[*[   Vaults:1 (   Vaults:2 *
Vaults:3 %

Portals:
Trove: Elf:1 (give +3 fire dragon armour)

Annotations:
Lair:3 Louise
Elf:1 1 exclusion
Elf:2 runed door


Innate Abilities, Weirdness & Mutations

You are resistant to torment.
You are immune to poison.
You can fly continuously.
Your stone body is very resilient (AC +16).
Your wings are large and strong.
You resist negative energy.
You are resistant to electric shocks.
You can survive without breathing.
You are immune to petrification.
You are immune to rotting.
You have sharp toenails.
You are partially covered in rough black scales (AC +4, Dex -1).
You are partially covered in rugged brown scales (AC +1, +3% HP).
You possess an exceptional clarity of mind.
You are clumsy. (Dex -2)
Your body is slowly deteriorating.
Your magical capacity is low (-10% MP).
You passively map a small area around you.
You can spit poison.
You have difficulty communicating with the divine.
Your spells are easier to cast, but less powerful.


Message History

The hell knight is severely wounded.
The hell knight gestures at you while chanting.
The puff of flame hits you!
You hit the hell knight but do no damage.
The hell knight explodes!
The fiery explosion engulfs you!
The fiery explosion engulfs the chaos spawn.
Vehumet accepts your kill.
You feel your power returning.
You are engulfed in roaring flames.
* * * LOW HITPOINT WARNING * * *
The hell knight points at you and mumbles some strange words.
The bolt of fire hits you!
* * * LOW HITPOINT WARNING * * *
The chaos spawn is engulfed in roaring flames.
The chaos spawn closely misses you.
The chaos spawn is engulfed in roaring flames.
You hit the chaos spawn but do no damage.
The chaos spawn explodes!
The fiery explosion engulfs you!
You die...

### #
#@####.#
.#
##§§...#
.#
#§#..##
##.
#§#.##
...
#...)##
.#
##p.#)
.# #
#..#..
... .#
.##
#)... #
# #.. #
#..#..


There were no monsters in sight!

Vanquished Creatures
  the Lernaean hydra (Swamp:5)
  Margery (Vaults:4)
  Norris (Vaults:3)
  2 liches
  3 tentacled starspawn (Abyss:1)
  Rupert (Swamp:5)
  Agnes (Swamp:1)
  4 tengu reavers
  2 thorn hunters
  Frances (D:14)
  3 ghost moths (Spider:5)
  Donald (Orc:4)
  Maud (D:14)
  2 deep elf sorcerers
  An orc warlord (Vaults:1)
  12 emperor scorpions
  3 fire giants
  12 vault wardens
  A balrug (Abyss:1)
  A frost giant (IceCv)
  Gastronok (Lair:1)
  2 very ugly things
  2 deep elf demonologists
  A war gargoyle (Vaults:4)
  A deep elf annihilator (Vaults:4)
  Azrael (D:14)
  11 stone giants
  An eidolon (Vaults:3)
  An ettin (Orc:4)
  A crystal guardian (Vaults:4)
  A deep elf death mage (Vaults:3)
  2 fire dragons (Vaults:2)
  A blizzard demon (Abyss:1)
  14 vault guards
  7 yaktaur captains
  2 great orbs of eyes
  15 ironheart preservers
  Harold (Lair:1)
  5 ice dragons
  A quicksilver dragon skeleton (Abyss:1)
  Nessos (D:13)
  3 ghost crabs
  8 centaur warriors
  23 hydras
  11 ogre magi
  15 dancing weapons (Elf:2)
  3 deep troll shamans
  6 alligators
  A death knight (Vaults:3)
  2 deep troll earth magi (Vaults:1)
  The ghost of chequers the Basher, an experienced NaFi of Makhleb (D:8)
  A tengu warrior (D:13)
  14 death yaks
  2 thrashing horrors (Abyss:1)
  A vampire mage (Vaults:2)
  5 hell knights
  5 catoblepae
  A soul eater (Vaults:3)
  Nergalle (Lair:6)
  19 deep elf knights
  A hell hog (Abyss:1)
  2 wretched stars (Abyss:1)
  A shadow wraith (Vaults:1)
  A titan skeleton (Abyss:1)
  5 skeletal warriors (Vaults:1)
  The ghost of chequers the Carver, an experienced DsCK of Xom (Bailey)
  6 unseen horrors
  4 giant orange brains
  6 hill giants
  2 spriggan druids
  2 flayed ghosts
  3 shambling mangroves
  11 swamp dragons
  An ice statue (IceCv)
  15 deep trolls
  10 deep elf summoners
  An obsidian statue (Vaults:3)
  Erolcha (D:9)
  3 starcursed masses (Abyss:1)
  Pikel (D:7)
  16 ironbrand convokers
  A tengu zombie (Vaults:3)
  8 deep elf conjurers
  17 orc knights
  20 orb spiders
  2 wizards
  A lindwurm (Lair:8)
  2 manticores
  9 necromancers
  A phantasmal warrior (Vaults:2)
  A worldbinder (Abyss:1)
  18 red wasps
  22 ugly things
  7 cyclopes
  3 orc sorcerers
  47 wolf spiders
  3 moths of wrath
  5 harpies
  5 griffons
  17 elephants
  Joseph (D:8)
  9 black mambas
  An apocalypse crab (Abyss:1)
  3 smoke demons (Abyss:1)
  15 spiny frogs
  14 vault sentinels
  38 yaktaurs
  Psyche (D:8)
  2 gargoyles
  2 torpor snails
  A komodo dragon (shapeshifter) (Vaults:4)
  A queen ant (Spider:1)
  A spiny frog (shapeshifter) (Vaults:2)
  An orange demon (Abyss:1)
  3 kobold demonologists
  A fire drake (Lair:2)
  15 demonic crawlers
  13 deep elf priests
  An efreet (D:15)
  3 freezing wraiths
  A tengu conjurer (D:13)
  2 queen bees
  2 komodo dragons
  2 ancient zymes (Abyss:1)
  17 polar bears
  31 jumping spiders
  7 trolls
  22 two-headed ogres
  Sonja (Orc:4)
  2 baby alligators (Swamp:5)
  9 boulder beetles
  Prince Ribbit (D:8)
  A fire giant simulacrum (Abyss:1)
  13 small abominations (Abyss:1)
  6 giant leeches
  8 ravens
  A frost giant simulacrum (Vaults:3)
  4 bog bodies
  21 blink frogs
  A fire dragon zombie (Abyss:1)
  29 slime creatures
  23 tarantellas
  A human skeleton (Vaults:3)
  50 redbacks
  A wraith (Vaults:1)
  5 basilisks
  2 ynoxinuls (Abyss:1)
  21 trapdoor spiders
  2 water elementals
  2 shadows
  61 yaks
  30 vampire mosquitoes
  A vampire (Vaults:1)
  3 humans (Abyss:1)
  4 human simulacra
  6 flying skulls (Abyss:1)
  8 spriggans
  Eustachio (D:7)
  A steam dragon (D:13)
  2 hungry ghosts
  2 neqoxecs
  2 fire elementals (D:14)
  27 deep elf magi
  A hippogriff (shapeshifter) (Vaults:1)
  39 deep elf fighters
  9 wolves
  11 hippogriffs
  Edmund (D:6)
  A soldier ant (shapeshifter) (Vaults:2)
  2 wargs (Vaults:4)
  20 insubstantial wisps
  2 mottled dragons
  30 swamp worms
  6 hell hounds (D:14)
  18 soldier ants
  16 swamp drakes
  11 large abominations (Abyss:1)
  A black bear (D:9)
  55 orc warriors
  18 water moccasins
  11 yellow wasps
  14 ice beasts
  2 sky beasts
  34 spiders
  A dwarf (shapeshifter) (Vaults:3)
  An eye of draining (shapeshifter) (Vaults:3)
  A slave (D:7)
  10 porcupines
  2 eyes of draining
  2 necrophages
  A black bear (shapeshifter) (Vaults:1)
  31 centaurs
  55 ogres
  2 phantoms
  5 boring beetles
  Sigmund (D:7)
  Duvessa (D:5)
  5 big kobolds
  3 brain worms
  20 crocodiles
  A wyvern skeleton (D:9)
  24 giant frogs
  8 scorpions
  51 killer bees
  6 jellies
  2 electric eels
  9 hounds
  3 goliath beetles
  Dowan (D:5)
  7 crimson imps
  2 giant frog zombies
  4 centaur skeletons
  28 orc priests
  7 centaur zombies
  2 giant frog skeletons
  3 iron imps
  20 worker ants
  17 hell rats
  6 iguanas
  A quasit (D:7)
  35 orc wizards
  2 centaur simulacra (D:11)
  6 sheep
  Ijyb (D:3)
  A worker ant zombie (D:10)
  8 gnolls
  32 adders
  39 river rats
  3 giant mites
  3 shadow imps
  A worm (D:2)
  A giant eyeball (Vaults:2)
  10 white imps
  A worker ant simulacrum (D:11)
  An ufetubus (Abyss:1)
  2 adder skeletons
  4 giant geckos
  2 oozes
  189 orcs
  3 ball pythons
  2 bat skeletons
  2 bat zombies
  3 giant cockroaches
  52 goblins
  43 hobgoblins
  7 quokkas
  12 bats
  A giant gecko skeleton (D:4)
  6 giant newts
  4 giant spores
  6 jackals
  2 jackal skeletons
  34 kobolds
  A quokka skeleton (D:4)
  19 rats
  13 ballistomycetes
  6 fungi
  A plant (Lair:7)
2295 creatures vanquished.

Vanquished Creatures (others)
  2 stone giants
  A yaktaur captain (Vaults:2)
  A deep elf conjurer (Vaults:3)
  A spiny frog (Swamp:1)
  2 yaktaurs
  A redback (Spider:5)
  An insubstantial wisp (Swamp:4)
  A spider (Spider:5)
  An ice beast (D:10)
  3 sheep (D:4)
  An orc (Orc:4)
  A hobgoblin (D:7)
  A giant spore (D:9)
  A ballistomycete (D:8)
  7 fungi
  A plant (Lair:8)
  6 starspawn tentacles (Abyss:1)
  24 starspawn tentacle segments (Abyss:1)
56 creatures vanquished.

Grand Total: 2351 creatures vanquished

Notes
Turn   | Place    | Note
--------------------------------------------------------------
     0 | D:1      | Fiveotanaka, the Gargoyle Earth Elementalist, began the quest for the Orb.
     0 | D:1      | Reached XP level 1. HP: 10/10 MP: 3/3
   256 | D:1      | Reached skill level 4 in Earth Magic
   447 | D:1      | Reached XP level 2. HP: 15/15 MP: 0/4
  1210 | D:2      | Reached XP level 3. HP: 11/19 MP: 3/6
  1274 | D:2      | Reached skill level 5 in Earth Magic
  1691 | D:2      | Found a glowing golden altar of the Shining One.
  1834 | D:2      | Found a sparkling altar of Nemelex Xobeh.
  2075 | D:3      | Learned a level 3 spell: Stone Arrow
  2117 | D:3      | Found a radiant altar of Vehumet.
  2118 | D:3      | Found a shattered altar of Ashenzari.
  2125 | D:3      | Became a worshipper of Vehumet
  2249 | D:3      | Reached skill level 6 in Earth Magic
  2249 | D:3      | Reached XP level 4. HP: 21/24 MP: 1/7
  2410 | D:3      | Found an ancient bone altar of Kikubaaqudgha.
  2413 | D:3      | Found a shimmering altar of Xom.
  2413 | D:3      | Found a burning altar of Makhleb.
  2426 | D:3      | Reached XP level 5. HP: 28/28 MP: 7/9
  2590 | D:3      | Reached skill level 7 in Earth Magic
  2781 | D:3      | Noticed Ijyb
  2792 | D:3      | Killed Ijyb
  3132 | D:3      | Noticed an ogre
  3138 | D:3      | Killed an ogre
  3138 | D:3      | Reached skill level 8 in Earth Magic
  3138 | D:3      | Reached XP level 6. HP: 32/32 MP: 0/10
  3626 | D:4      | Learned a level 5 spell: Lee's Rapid Deconstruction
  3626 | D:4      | Found a bloodstained altar of Trog.
  3846 | D:4      | Found a staircase to the Ecumenical Temple.
  3920 | D:4      | Acquired Vehumet's first power
  3920 | D:4      | Offered knowledge of Shock by Vehumet.
  4357 | D:4      | Found a shimmering altar of Xom.
  4622 | D:4      | Reached skill level 9 in Earth Magic
  4802 | D:5      | Entered Level 5 of the Dungeon
  4815 | D:5      | Found a deep blue altar of Sif Muna.
  5160 | D:5      | Noticed Duvessa
  5162 | D:5      | Noticed Dowan
  5168 | D:5      | Reached XP level 7. HP: 36/36 MP: 6/12
  5268 | D:5      | Found a basalt altar of Yredelemnul.
  5598 | D:5      | Found Adaixkipp's Antique Weapon Emporium.
  5683 | D:5      | Killed Dowan
  5683 | D:5      | Reached skill level 1 in Conjurations
  5875 | D:5      | Killed Duvessa
  6418 | D:5      | Offered knowledge of Throw Frost by Vehumet.
  6786 | D:5      | Offered knowledge of Throw Flame by Vehumet.
  6874 | D:5      | Acquired Vehumet's second power
  6922 | D:5      | Reached XP level 8. HP: 34/41 MP: 6/13
  6978 | D:5      | Reached skill level 5 in Conjurations
  7368 | D:5      | Offered knowledge of Throw Icicle by Vehumet.
  7893 | D:5      | Reached skill level 10 in Earth Magic
  7934 | D:5      | Bought a bloodstained falchion for 224 gold pieces
  7934 | D:5      | Identified the +7 falchion of Valour {elec, +Inv rF+ rN+} (You bought it in a shop on level 5 of the Dungeon)
  8032 | D:6      | Found Xiz Iheb's Magic Scroll Emporium.
  8046 | D:6      | Bought a scroll of identify for 24 gold pieces
  8046 | D:6      | Bought a scroll of teleportation for 36 gold pieces
  8046 | D:6      | Bought a scroll of random uselessness for 12 gold pieces
  8238 | D:6      | Noticed Edmund
  8245 | D:6      | Killed Edmund
  8245 | D:6      | Reached skill level 11 in Earth Magic
  8245 | D:6      | Reached XP level 9. HP: 45/45 MP: 2/14
  8562 | D:7      | Noticed Pikel
  8566 | D:7      | Killed Pikel
  8566 | D:7      | Reached skill level 5 in Spellcasting
  8825 | D:7      | Noticed Eustachio
  8840 | D:7      | Killed Eustachio
  9043 | D:7      | Noticed Sigmund
  9045 | D:7      | Killed Sigmund
  9045 | D:7      | Acquired Vehumet's third power
  9162 | D:7      | Found a white marble altar of Elyvilon.
  9221 | D:7      | Offered knowledge of Sticky Flame by Vehumet.
  9692 | D:8      | Noticed Prince Ribbit
  9745 | D:8      | Noticed Joseph
  9749 | D:8      | Killed Joseph
  9749 | D:8      | Reached XP level 10. HP: 50/50 MP: 2/25
  9884 | D:8      | Noticed chequers' ghost (experienced NaFi)
  9943 | D:8      | Killed chequers' ghost
 10286 | D:8      | Noticed Psyche
 10295 | D:8      | Killed Psyche
 10493 | D:8      | Reached skill level 10 in Conjurations
 10850 | D:8      | Killed Prince Ribbit
 10893 | D:8      | Reached skill level 1 in Fighting
 11137 | D:9      | Offered knowledge of Fireball by Vehumet.
 11331 | D:9      | Gained mutation: Your magical capacity is low (-10% MP). [mutagenic meat]
 11558 | D:9      | Noticed Erolcha
 11560 | D:9      | Killed Erolcha
 11560 | D:9      | Reached skill level 12 in Earth Magic
 11560 | D:9      | Reached XP level 11. HP: 57/61 MP: 14/23
 11800 | D:9      | Reached skill level 13 in Earth Magic
 11856 | D:9      | Found Thuolac's Weapon Emporium.
 12045 | D:10     | Entered Level 10 of the Dungeon
 12045 | D:10     | Noticed a hill giant
 12317 | D:10     | Found Ixzenace's Armour Shoppe.
 12754 | D:10     | Killed a hill giant
 13250 | D:11     | Found a staircase to the Lair.
 13262 | D:11     | Reached skill level 14 in Earth Magic
 13338 | D:11     | Gained mutation: You are partially covered in rugged brown scales (AC +1, +3% HP). [mutagenic meat]
 13631 | D:11     | Found a staircase to the Orcish Mines.
 14027 | D:11     | Gained mutation: You possess an exceptional clarity of mind. [mutagenic meat]
 14028 | D:11     | Gained mutation: You are weak. (Str -2) [mutagenic meat]
 14029 | D:11     | Gained mutation: Your spells are a little easier to cast, but a little less powerful. [mutagenic meat]
 14241 | D:11     | Found Saj Ita's Magic Scroll Shop.
 14374 | D:11     | Bought a scroll of blinking for 82 gold pieces
 14374 | D:11     | Bought a scroll of identify for 22 gold pieces
 14374 | D:11     | Bought 3 scrolls of identify for 66 gold pieces
 14543 | D:11     | Reached XP level 12. HP: 49/67 MP: 24/24
 14951 | D:11     | Killed an unseen horror
 14999 | D:11     | Killed an unseen horror
 15110 | Lair:1   | Entered Level 1 of the Lair of Beasts
 15145 | Lair:1   | Gained mutation: Your mind is acute. (Int +2) [potion of beneficial mutation]
 15146 | Lair:1   | Gained mutation: You are partially covered in icy blue scales (AC +1). [potion of beneficial mutation]
 15394 | Lair:1   | Noticed Harold
 15413 | Lair:1   | Killed Harold
 15520 | Lair:1   | Noticed Gastronok
 15554 | Lair:1   | Killed Gastronok
 15985 | Lair:1   | Got a warped glass ring
 16015 | Lair:1   | Identified the ring of Doubts {rPois Dex+3 SInv} (You found it on level 1 of the Lair of Beasts)
 16213 | Lair:2   | Offered knowledge of Delayed Fireball by Vehumet.
 17027 | Lair:2   | Reached skill level 5 in Dodging
 18315 | Lair:3   | Learned a level 4 spell: Control Teleport
 18540 | Lair:3   | Found a hole to the Spider Nest.
 19026 | Lair:4   | Reached XP level 13. HP: 72/72 MP: 26/27
 19047 | Lair:4   | Reached skill level 15 in Earth Magic
 20316 | Lair:5   | Reached skill level 16 in Earth Magic
 20707 | Lair:5   | Found a staircase to the Swamp.
 21277 | Lair:5   | Reached skill level 5 in Fighting
 21503 | Lair:6   | Noticed Nergalle
 21517 | Lair:6   | Killed Nergalle
 21805 | Lair:6   | Identified a scroll of acquirement
 21815 | Lair:6   | Learned a level 5 spell: Iskenderun's Battlesphere
 21818 | Lair:6   | Got a dazzling helmet
 21822 | Lair:6   | Offered knowledge of Poison Arrow by Vehumet.
 21830 | Lair:6   | Learned a level 6 spell: Poison Arrow
 21850 | Lair:6   | Identified the +1 helmet of the Game of Kings {rPois rF++} (You acquired it on level 6 of the Lair of Beasts)
 21888 | Lair:6   | Found a viscous altar of Jiyva.
 21889 | Lair:6   | Found a staircase to the Slime Pits.
 22026 | Lair:6   | Reached skill level 1 in Evocations
 22656 | Lair:6   | Reached skill level 1 in Poison Magic
 23098 | Lair:7   | Got a twisted flail
 23105 | Lair:7   | Identified the +4 flail of Forgh {freeze, +Inv rN+} (You found it on level 7 of the Lair of Beasts)
 23245 | Lair:7   | Gained mutation: Your wings are large and strong. [gargoyle growth]
 23245 | Lair:7   | Reached XP level 14. HP: 84/84 MP: 27/27
 24422 | Lair:8   | Entered Level 8 of the Lair of Beasts
 25163 | Lair:8   | Offered knowledge of Orb of Destruction by Vehumet.
 25174 | Lair:8   | Learned a level 7 spell: Orb of Destruction
 25509 | Lair:8   | Reached skill level 10 in Dodging
 26351 | Lair:8   | Reached skill level 10 in Spellcasting
 27290 | Orc:1    | Entered Level 1 of the Orcish Mines
 27318 | Orc:1    | Offered knowledge of Bolt of Cold by Vehumet.
 27720 | Orc:3    | Found a staircase to the Elven Halls.
 27769 | Orc:2    | Got a shadowed robe
 27780 | Orc:2    | Identified the -2 robe "Skile" {Str+4 Dex+4} (You acquired it on level 2 of the Orcish Mines)
 27821 | Orc:2    | Found a frozen archway.
 27827 | Orc:2    | Reached skill level 5 in Poison Magic
 27866 | IceCv    | Entered an ice cave
 27868 | IceCv    | Reached XP level 15. HP: 88/88 MP: 29/29
 28113 | IceCv    | Reached skill level 5 in Evocations
 28183 | IceCv    | Gained mutation: You are partially covered in rough black scales (AC +4, Dex -1). [potion of beneficial mutation]
 28697 | IceCv    | Noticed a frost giant
 28767 | IceCv    | Killed a frost giant
 30116 | Orc:3    | Offered knowledge of Iron Shot by Vehumet.
 30327 | Lair:1   | Learned a level 6 spell: Iron Shot
 30405 | Orc:4    | Entered Level 4 of the Orcish Mines
 30810 | Orc:4    | Reached skill level 1 in Staves
 31748 | Orc:4    | Offered knowledge of Ozocubu's Refrigeration by Vehumet.
 31813 | Orc:4    | Found Skissuj's Assorted Antiques.
 31813 | Orc:4    | Found Zoesch's Armour Emporium.
 31816 | Orc:4    | Found Acuiwoz's Gadget Shoppe.
 31818 | Orc:4    | Found Luqoaril's Armour Boutique.
 31831 | Orc:4    | Bought a scroll of fog for 54 gold pieces
 31831 | Orc:4    | Bought a spiked helmet for 256 gold pieces
 31831 | Orc:4    | Bought a scroll of blinking for 202 gold pieces
 31831 | Orc:4    | Bought a scroll of identify for 54 gold pieces
 31831 | Orc:4    | Bought a shiny buckler for 121 gold pieces
 31831 | Orc:4    | Bought a bubbling puce potion for 24 gold pieces
 31843 | Orc:4    | Identified the -1 helmet "Nat Ylet" {Int+4 Dex+4} (You bought it in a shop on level 4 of the Orcish Mines)
 31961 | Orc:4    | Noticed Donald
 31974 | Orc:3    | Reached skill level 1 in Shields
 32286 | Orc:4    | Found Syuf's Food Emporium.
 32309 | Orc:4    | Killed Donald
 32546 | Orc:4    | Noticed Sonja
 32547 | Orc:4    | Killed Sonja
 33694 | D:12     | Reached skill level 5 in Shields
 34433 | D:13     | Found a flagged portal.
 34533 | Bailey   | Entered a bailey
 34680 | Bailey   | Noticed chequers' ghost (experienced DsCK)
 34683 | Bailey   | Killed chequers' ghost
 34870 | Bailey   | Got a polished hand axe
 34872 | Bailey   | Identified the +7 hand axe of Dumofext {drain, rC+ Stlth+} (You took it off an orc knight in a bailey)
 35114 | D:13     | Noticed Nessos
 35117 | D:13     | Killed Nessos
 35628 | D:14     | Reached skill level 17 in Earth Magic
 35842 | D:14     | Reached XP level 16. HP: 94/94 MP: 30/30
 35866 | D:14     | Found a gate to the Vaults.
 35999 | D:14     | Offered knowledge of Glaciate by Vehumet.
 35999 | D:14     | Offered knowledge of Shatter by Vehumet.
 35999 | D:14     | Offered knowledge of Tornado by Vehumet.
 36012 | D:14     | Noticed Azrael
 36014 | D:14     | Killed Azrael
 36139 | D:14     | Noticed Maud
 36149 | D:14     | Killed Maud
 36312 | D:14     | Found a deep blue altar of Sif Muna.
 36407 | D:14     | Reached skill level 18 in Earth Magic
 36412 | D:14     | Noticed Frances
 36775 | D:14     | Killed Frances
 37098 | D:15     | Entered Level 15 of the Dungeon
 37379 | D:15     | Found a staircase to the Depths.
 37774 | D:15     | Got a scorched spear
 37775 | D:15     | Identified the +7 spear of the Cup {holy, MR+} (You found it on level 15 of the Dungeon)
 38275 | Swamp:1  | Entered Level 1 of the Swamp
 38276 | Swamp:1  | Reached skill level 10 in Fighting
 39094 | Swamp:1  | Noticed Agnes
 39095 | Swamp:1  | Killed Agnes
 41806 | Swamp:3  | Reached XP level 17. HP: 80/106 MP: 29/30
 42227 | Swamp:3  | Reached skill level 19 in Earth Magic
 43804 | Swamp:5  | Entered Level 5 of the Swamp
 43868 | Swamp:5  | Reached skill level 20 in Earth Magic
 44024 | Swamp:5  | Noticed Rupert
 44141 | Swamp:5  | Killed Rupert
 44481 | Swamp:5  | Got a clouded platinum ring
 44485 | Swamp:5  | Identified the cursed ring of Acioc {Str-3 Int-2} (You found it on level 5 of the Swamp)
 45004 | Swamp:5  | Noticed the 27-headed Lernaean hydra
 45018 | Swamp:5  | Killed the 27-headed Lernaean hydra
 45406 | Swamp:5  | Got a decaying rune of Zot
 46241 | Spider:1 | Entered Level 1 of the Spider Nest
 46241 | Spider:1 | Noticed Louise
 46890 | Spider:1 | Reached XP level 18. HP: 111/111 MP: 9/33
 47162 | Spider:1 | Gained mutation: You evolve. [potion of mutation]
 47162 | Spider:1 | Gained mutation: You have a pair of small horns on your head. [potion of mutation]
 51296 | Spider:4 | Reached skill level 21 in Earth Magic
 51550 | Spider:4 | Reached skill level 5 in Staves
 51900 | Spider:5 | Entered Level 5 of the Spider Nest
 51940 | Spider:5 | Got a pitted rapier
 51941 | Spider:5 | Identified the cursed -2 rapier of the Tomato {antimagic, rElec rPois} (You found it on level 5 of the Spider Nest)
 52387 | Spider:5 | Reached XP level 19. HP: 107/115 MP: 20/34
 53560 | Spider:4 | Lost mutation: Your mind is acute. (Int +2) [evolution]
 53560 | Spider:4 | Lost mutation: You evolve. [end of evolution]
 54643 | Spider:5 | Got a gossamer rune of Zot
 55031 | Vaults:1 | Entered Level 1 of the Vaults
 55073 | Vaults:1 | Learned a level 9 spell: Shatter
 55749 | Vaults:1 | Lost mutation: You are weak. (Str -2) [mutagenic meat]
 55750 | Vaults:1 | Gained mutation: You are dopey. (Int -2) [mutagenic meat]
 55751 | Vaults:1 | Gained mutation: You have sharp fingernails. [mutagenic meat]
 55756 | Vaults:1 | Lost mutation: You have a pair of small horns on your head. [mutagenic meat]
 57236 | Vaults:1 | Reached skill level 15 in Conjurations
 57480 | Vaults:1 | Found Schutier's Weapon Shop.
 57658 | Vaults:2 | Reached XP level 20. HP: 125/125 MP: 11/35
 58263 | Vaults:1 | Lost mutation: You are dopey. (Int -2) [mutagenic meat]
 58264 | Vaults:1 | Gained mutation: You heal slowly when monsters are visible. [mutagenic meat]
 58265 | Vaults:1 | Gained mutation: You passively map a small area around you. [mutagenic meat]
 58446 | Vaults:2 | Found Clorghej's Assorted Antiques.
 58455 | Vaults:2 | Bought a scroll of identify for 46 gold pieces
 58460 | Vaults:2 | Reached skill level 10 in Staves
 58897 | Vaults:2 | Gained mutation: You evolve. [mutagenic meat]
 61223 | Vaults:1 | Got a pitted scimitar
 61225 | Vaults:1 | Identified the cursed +3 scimitar of Stashrus {drain, rPois rN+ SInv} (You took it off an orc warlord on level 1 of the Vaults)
 61939 | Vaults:3 | Reached XP level 21. HP: 93/132 MP: 15/36
 62707 | Vaults:3 | Reached skill level 10 in Evocations
 62755 | Vaults:3 | Lost mutation: You have sharp fingernails. [mutagenic meat]
 62760 | Vaults:3 | Lost mutation: You evolve. [mutagenic meat]
 62761 | Vaults:3 | Gained mutation: Your body is slowly deteriorating. [mutagenic meat]
 62768 | Vaults:3 | Gained mutation: Your body is deteriorating. [mutagenic meat]
 62903 | Vaults:3 | Found Atriw's Food Shop.
 63272 | Vaults:3 | Upgraded the game from 0.16-a0-3211-g52b77fd to 0.16-a0-3250-g88dccf0
 63929 | Vaults:3 | Found a staircase to the Crypt.
 64261 | Vaults:3 | Noticed Norris
 64271 | Vaults:3 | Paralysed by Norris for 4 turns
 64276 | Vaults:3 | Killed Norris
 65535 | Vaults:4 | Noticed Margery
 65542 | Vaults:4 | Killed Margery
 66459 | Vaults:4 | Reached XP level 22. HP: 139/139 MP: 27/36
 66669 | Vaults:4 | Lost mutation: You heal slowly when monsters are visible. [mutagenic meat]
 66670 | Vaults:4 | Lost mutation: You are partially covered in icy blue scales (AC +1). [mutagenic meat]
 66696 | Vaults:4 | Gained mutation: You have sharp toenails. [mutagenic meat]
 66702 | Vaults:4 | Lost mutation: Your body is deteriorating. [mutagenic meat]
 67032 | Vaults:4 | Reached skill level 15 in Evocations
 67901 | D:14     | Gained mutation: You have difficulty communicating with the divine. [mutagenic meat]
 68072 | Elf:1    | Entered Level 1 of the Elven Halls
 69002 | Elf:1    | Found a portal to a secret trove of treasure.
 69259 | Elf:2    | Gained mutation: You are clumsy. (Dex -2) [potion of mutation]
 69259 | Elf:2    | Gained mutation: Your spells are easier to cast, but less powerful. [potion of mutation]
 69476 | Elf:2    | Found a runed gate.
 69476 | Elf:2    | Found a runed gate.
 69476 | Elf:2    | Found a runed gate.
 70567 | Elf:2    | Reached skill level 22 in Earth Magic
 70801 | Elf:3    | Entered Level 3 of the Elven Halls
 70961 | Elf:3    | Cast into the Abyss (a deep elf demonologist)
 71319 | Abyss:1  | Reached skill level 5 in Stealth
 72055 | Abyss:1  | Found a burning altar of Makhleb.
 72075 | Abyss:1  | Found a burning altar of Makhleb.
 72075 | Abyss:1  | Gained mutation: You can spit poison. [a neqoxec]
 72116 | Abyss:1  | Found a burning altar of Makhleb.
 72179 | Abyss:1  | Found a corrupted altar of Lugonu.
 72217 | Abyss:1  | Killed from afar by a chaos spawn

Action                   |  1- 3 |  4- 6 |  7- 9 | 10-12 | 13-15 | 16-18 | 19-21 | 22-24 || total
-------------------------+-------+-------+-------+-------+-------+-------+-------+-------++-------
Melee: Unarmed           |    37 |       |       |       |       |       |       |       ||    37
       Club              |    10 |       |       |       |       |       |       |       ||    10
       Short sword       |    22 |    40 |    97 |       |       |       |       |       ||   159
       Falchion          |       |       |    79 |   496 |    64 |       |       |       ||   639
       Staff             |       |       |       |    20 |   477 |   610 |   397 |   371 ||  1875
 Cast: Sandblast         |    64 |    80 |   123 |       |    11 |       |     1 |       ||   279
       Stone Arrow       |       |    11 |    63 |   132 |   248 |       |       |       ||   454
       Lee's Rapid Decon |       |       |    11 |    88 |   308 |   177 |   343 |   155 ||  1082
       Iskenderun's Batt |       |       |       |       |     1 |       |       |       ||     1
       Poison Arrow      |       |       |       |       |    59 |   153 |    66 |    15 ||   293
       Iron Shot         |       |       |       |       |    28 |   254 |   158 |    34 ||   474
       Control Teleport  |       |       |       |       |       |     2 |       |       ||     2
       Orb of Destructio |       |       |       |       |       |       |     6 |     1 ||     7
 Abil: Fly               |       |       |       |       |     2 |       |     1 |       ||     3
       Stop Flying       |       |       |       |       |     1 |     1 |       |       ||     2
Evoke: Wand              |       |       |       |       |       |     4 |       |       ||     4
  Use: Potion            |       |       |     3 |     2 |     1 |     1 |       |     1 ||     8
       Scroll            |       |       |     4 |    13 |    15 |    11 |     8 |     5 ||    56
 Stab: Sleeping          |     1 |     1 |       |     3 |       |       |       |     1 ||     6
       Invisible         |       |     1 |       |       |       |       |       |       ||     1
       Distracted        |       |       |       |       |     1 |     1 |     1 |     2 ||     5
  Eat: Chunk             |     5 |    10 |    17 |    48 |   123 |   139 |   115 |    38 ||   495
       Bread ration      |       |     1 |       |     1 |       |       |       |       ||     2
       Meat ration       |       |       |     1 |       |       |       |       |       ||     1
       Royal jelly       |       |       |       |     1 |       |       |       |       ||     1
       Pizza             |       |       |       |       |       |     1 |       |       ||     1
       Fruit             |       |       |       |       |       |       |       |     1 ||     1
